 Dungeon Crawl Stone Soup version 0.23.2 (webtiles) character file.

Game seed: 15980003654662008149

144 Borgoz the Cutter (level 5, 0/32 HPs)
             Began as a Gargoyle Gladiator on Apr 9, 2019.
             Slain by an orc
             ... wielding a +0 hand axe
              (3 damage)
             ... on level 3 of the Dungeon.
             The game lasted 00:02:29 (1282 turns).

Borgoz the Cutter (Gargoyle Gladiator)              Turns: 1282, Time: 00:02:31

Health: 0/32       AC:  8    Str: 17    XL:     5   Next: 27%
Magic:  5/5        EV: 13    Int:  9    God:
Gold:   116        SH:  0    Dex: 12    Spells: 4/4 levels left

rFire    . . .     SeeInvis .   a - +2 dagger (venom)
rCold    . . .     Gourm    .   (no shield)
rNeg     + . .     Faith    .   q - +0 leather armour
rPois    ∞         Spirit   .   c - +0 helmet
rElec    +         Reflect  .   (no cloak)
rCorr    .         Harm     .   (no gloves)
MR       .....                  (no boots)
Stlth    ++........             (no amulet)
HPRegen  0.10/turn              (no ring)
MPRegen  0.09/turn              (no ring)

@: flying
A: negative energy resistance 1, electricity resistance, unbreathing,
petrification resistance, rot immunity, AC +4
a: no special abilities


You were on level 3 of the Dungeon.
You were hungry.

You visited 1 branch of the dungeon, and saw 3 of its levels.

You collected 116 gold pieces.

Inventory:

Hand Weapons
 a - a +2 dagger of venom (weapon)
 b - a +1 dagger of holy wrath
 i - a +0 rapier
Missiles
 d - 3 throwing nets (quivered)
 r - 5 tomahawks
Armour
 c - a +0 helmet (worn)
 q - a +0 leather armour (worn)
Scrolls
 h - a scroll of identify {unknown}
 j - 2 scrolls of teleportation {unknown}
 m - a scroll of fear {unknown}
 n - a scroll of enchant armour {unknown}
 p - a scroll of noise {unknown}
 t - a scroll of blinking {unknown}
 u - a scroll of magic mapping {unknown}
Potions
 l - a potion of curing {unknown}
 o - a potion of agility {unknown}
 s - a potion of haste {unknown}
Comestibles
 f - 5 rations
 g - 2 chunks of flesh


   Skills:
 + Level 3.0 Fighting
 * Level 3.5 Short Blades
 - Level 1.7 Throwing
 + Level 1.5 Armour
 * Level 3.3 Dodging
 + Level 2.0 Stealth


You had 4 spell levels left.
You didn't know any spells.
Your spell library was empty.

Dungeon Overview and Level Annotations

Branches:
Dungeon (3/15)

Altars:
Makhleb
Okawaru


Innate Abilities, Weirdness & Mutations

You are resistant to torment.
Your stone body is resilient. (AC +4)
You are immune to poison.
You resist negative energy. (rN+)
You are resistant to electric shocks. (rElec)
You can survive without breathing.
You are immune to petrification.
You are immune to rotting.


Message History

You hit the orc priest.
The orc priest is poisoned.
The orc priest is moderately wounded.
The orc priest mumbles some strange prayers to Beogh against you.
Beogh smites you!
* * * LOW HITPOINT WARNING * * *
The orc barely misses you. The jackal bites you.
* * * LOW HITPOINT WARNING * * *
The orc hits you but does no damage.
It was a potion of cancellation.
You feel magically purged.
You are feeling hungry.
The jackal bites you but does no damage.
The orc priest misses you. The orc closely misses you. x2
It was a potion of flight.
You feel very buoyant.
You fly up into the air.
The jackal barely misses you. The orc hits you but does no damage.
The orc priest hits you with a +0 hand axe.
* * * LOW HITPOINT WARNING * * *
The jackal closely misses you. The orc hits you with a +0 hand axe.
You die...

####.##'###### #.
#..........# # #.
#..........# #.#.
#..........#.
####.#'####............#
.........##.....####...#
.........''.......# #..#
......o).##.......## ..#
......o@.##......_∩# .#
......oh.##.......##
.........+.....##..#
.........###########
.......... ...........
........... ##..........


You could see an orc priest, 2 orcs and a jackal.

Vanquished Creatures
  An orc priest (D:3)
  A hound (D:3)
  3 adders (D:2)
  An ooze (D:1)
  A dart slug (D:1)
  5 orcs
  3 bats
  A giant cockroach (D:1)
  7 goblins
  7 hobgoblins
  5 jackals
  A ball python (D:1)
  2 frilled lizards
  8 kobolds
  7 rats
  2 bushes (D:1)
55 creatures vanquished.

Notes
Turn   | Place    | Note
-------+----------+-------------------------------------------
     0 | D:1      | Borgoz the Gargoyle Gladiator began the quest for the Orb.
     0 | D:1      | Reached XP level 1. HP: 12/12 MP: 1/1
    72 | D:1      | Reached XP level 2. HP: 17/17 MP: 2/2
   381 | D:1      | Reached skill level 1 in Stealth
   477 | D:1      | Reached XP level 3. HP: 22/22 MP: 3/3
   886 | D:2      | Reached skill level 1 in Armour
   889 | D:2      | Reached XP level 4. HP: 22/27 MP: 4/4
  1087 | D:2      | Found an iron altar of Okawaru.
  1234 | D:3      | Found a burning altar of Makhleb.
  1244 | D:3      | Reached XP level 5. HP: 27/32 MP: 5/5
  1282 | D:3      | Slain by an orc

Skill      XL: |  1  2  3  4  5 |
---------------+----------------+-----
Short Blades   | 3 |  3.5
Stealth        | 1 2 |  2.0
Armour         | 1 |  1.5
Dodging        | 3 |  3.3
Fighting       | 3 |  3.0
Throwing       | |  1.7

Action                   |  1- 3 |  4- 6 || total
-------------------------+-------+-------++-------
Melee: Rapier            |     9 |       ||     9
       Dagger            |   150 |    54 ||   204
  Use: Potion            |       |     2 ||     2
 Stab: Sleeping          |       |     2 ||     2
  Eat: Chunk             |       |     1 ||     1
Armor: Leather armour    |    30 |    25 ||    55
Dodge: Dodged            |    52 |    46 ||    98
